 Dungeon Crawl Stone Soup version 0.27-a0-96-gb51a1d6fd6 (webtiles) character file.

Game seed: 4782617531874604453

31 knot the Chopper (level 3, 26/29 HPs)
             Began as a Demonspawn Berserker on Jan 19, 2021.
             Was a Follower of Trog.
             Quit the game on level 1 of the Dungeon.
             The game lasted 00:01:05 (553 turns).

knot the Chopper (Demonspawn Berserker)              Turns: 553, Time: 00:01:05

Health: 26/29      AC:  5    Str: 17    XL:     3   Next: 7%
Magic:  3/3        EV: 12    Int:  9    God:    Trog [*.....]
Gold:   24         SH:  0    Dex: 12    Spells: 2/2 levels left

rFire    . . .     SeeInvis .   a - +0 hand axe
rCold    . . .     Faith    .   (no shield)
rNeg     . . .     Spirit   .   b - +0 animal skin
rPois    .         Reflect  .   (helmet restricted)
rElec    .         Harm     .   (no cloak)
rCorr    .         Rampage  .   (no gloves)
Will     .....                  d - +0 pair of boots
Stlth    +.........             (no amulet)
HPRegen  0.09/turn              (no ring)
MPRegen  0.08/turn              (no ring)

@: no status effects
A: antennae 1, yellow scales 1
a: Renounce Religion, Berserk


You were on level 1 of the Dungeon.
You worshipped Trog.
Trog was aware of your devotion.
You visited 1 branch of the dungeon, and saw 1 of its levels.

You collected 24 gold pieces.

Inventory:

Hand Weapons
 a - a +0 hand axe (weapon)
Missiles
 h - 14 stones
Armour
 b - a +0 animal skin (worn)
 d - a +0 pair of boots (worn)
Scrolls
 e - 2 scrolls of identify {unknown}
 g - 2 scrolls of enchant armour {unknown}
Potions
 c - 2 potions of attraction {unknown}
 f - a potion of resistance {unknown}


   Skills:
 - Level 3.0 Fighting
 + Level 3.9 Axes
 - Level 1.7 Armour
 - Level 1.7 Dodging


You had 2 spell levels left.
You didn't know any spells.
Your spell library was empty.

Dungeon Overview and Level Annotations

Branches:
Dungeon (1/15)

Altars:


Innate Abilities, Weirdness & Mutations

You have a pair of small antennae on your head.
You are partially covered in yellow scales. (AC +2)


Message History

You see here 14 arrows.
A gnoll comes into view. It is wielding a +0 whip.
The gnoll shouts!
A frilled lizard comes into view.
Found a scroll labelled SOTSYI IXAUNU and 19 arrows.
The frilled lizard hisses angrily.
A rat comes into view.
The gnoll hits you with a +0 whip.
You slash the gnoll!
The gnoll is heavily wounded.
The gnoll misses you.
You slash the gnoll!
You kill the gnoll!
Trog accepts your kill.
You have reached level 3!
Your experience leads to an increase in your attributes!
Increase (S)trength, (I)ntelligence, or (D)exterity?
You feel clever.
Your demonic ancestry asserts itself...
Yellow scales grow over part of your body.
Are you sure you want to abandon this character and quit the game? (Confirm with "yes".)

#†## #. #..## #.
##.†# ##(. ##.#
##.?.# #.# ......###
#.#######
#......####.......#
#..l....#.......#
#r@...........#
#####.........#
######.###.#####
##....(......########
#
#..########.........#
.# #.## #.........#
.. ####.# #.........#
#.########....#
#.........#
#...##.....####
#.........#


You could see a frilled lizard and a rat.

Vanquished Creatures
  A gnoll (D:1)
  2 goblins (D:1)
  4 hobgoblins (D:1)
  6 jackals (D:1)
  2 bats (D:1)
  A frilled lizard (D:1)
  3 kobolds (D:1)
  A rat (D:1)
20 creatures vanquished.

Notes
Turn   | Place    | Note
-------+----------+-------------------------------------------
     0 | D:1      | knot the Demonspawn Berserker began the quest for the Orb.
     0 | D:1      | Reached XP level 1. HP: 18/18 MP: 1/1
   219 | D:1      | Gained mutation: You have a pair of small antennae on your
                  | head. [demonic ancestry]
   219 | D:1      | Reached XP level 2. HP: 20/24 MP: 2/2
   553 | D:1      | Gained mutation: You are partially covered in yellow
                  | scales. (AC +2) [demonic ancestry]
   553 | D:1      | Reached XP level 3. HP: 26/29 MP: 3/3
   553 | D:1      | Quit the game

Illustrated notes

Levels and vault maps discovered:
D:1:      dpeg_arrival_orchard, layout_rooms

Skill      XL: |  1 |
---------------+----+-----
Axes           | 3 |  3.9
Fighting       | |  3.0
Armour         | |  1.7
Dodging        | |  1.7

Action                   || total
-------------------------++-------
Melee: Hand axe          ||    42
Invok: Berserk           ||     1
Armor: Animal skin       ||     8
Dodge: Dodged            ||    30

Table legend: (Time is in decaauts)
 A = Elapsed time spent in this place.
 B = Non-inter-level travel time spent in this place.
 C = Inter-level travel time spent in this place.
 D = Time resting spent in this place.
 E = Time spent auto-exploring this place.
 F = Levels seen in this place.
 G = Mean time per level.
                   A        B        C        D        E       F      G
               +--------+--------+--------+--------+--------+-----+--------+
         Total |    564 |    564 |      0 |    184 |    281 |   1 |  564.0 |
       Dungeon |    564 |    564 |      0 |    184 |    281 |   1 |  564.0 |
               +--------+--------+--------+--------+--------+-----+--------+

Top non-repeatable levels by time:
     D:1: 564 daAuts
